 Dungeon Crawl Stone Soup version 0.30.0-15-g856e2d3f33 (webtiles) character file.

Game seed: 16796545983264338417

3 Sobieck the Digger (level 1, 0/10 HPs)
             Began as a Gargoyle Earth Elementalist on May 18, 2023.
             Slain by an endoplasm (1 damage)
             ... on level 1 of the Dungeon.
             The game lasted 00:00:21 (60 turns).

Sobieck the Digger (Gargoyle Earth Elementalist)      Turns: 60, Time: 00:00:21

Health: 0/10       AC:  4    Str: 11    XL:     1   Next: 50%
Magic:  0/3        EV: 11    Int: 15    God:
Gold:   0          SH:  0    Dex: 10    Spells: 3/4 levels left

rFire   . . .        (no weapon)
rCold   . . .        (no shield)
rNeg    + . .        a - +0 robe
rPois   ∞            (no helmet)
rElec   +            (no cloak)
rCorr   .            (no gloves)
SInv    .            (no boots)
Will    .....        (no amulet)
Stlth   ++           (no ring)
HPRegen 0.21/turn    (no ring)
MPRegen 0.08/turn

%: no passive effects
@: no status effects
A: sickness immunity, AC +2, negative energy resistance 1, electricity
resistance, torment resistance 1, petrification resistance
a: no special abilities


You were on level 1 of the Dungeon.
You visited 1 branch of the dungeon, and saw 1 of its levels.


Innate Abilities, Weirdness & Mutations

You are immune to sickness and miasma.
Your stone body is resilient. (AC +2)
You are immune to poison.
You resist negative energy. (rN+)
You are resistant to electric shocks. (rElec)
You are resistant to unholy torment.
You are immune to petrification.


   Skills:
 - Level 1.5 Dodging
 - Level 2.1 Stealth
 - Level 2.0 Spellcasting
 - Level 0.7 Transmutations
 + Level 3.9 Earth Magic


You had 3 spell levels left.
You knew the following spells:

 Your Spells              Type           Power      Damage    Failure   Level
a - Sandblast             Erth           26%        2d8       4%          1

Your spell library contained the following spells:

 Spells                   Type           Power      Damage    Failure   Level
 Passwall                 Tmut/Erth      6%         N/A       13%         2
 Stone Arrow              Conj/Erth      14%        3d7       30%         3
 Petrify                  Tmut/Erth      8%         N/A       63%         4

Inventory:

Armour
 a - a +0 robe (worn)
 d - a +0 robe
   (You found it on level 1 of the Dungeon)
Scrolls
 c - a scroll of enchant weapon {unknown}
Potions
 b - a potion of magic

Dungeon Overview and Level Annotations

Branches:
Dungeon (1/15) Zot: 5937

Altars:

#.##....>...........
....................
...#...............
#.....##J.........
##.....##†#........
#.......#.##......#
#.......J.# #.#####
#...#'###### .#
#...+..JJ@.# #
#+####.# #.#..#.#
#.'<.+.# #.#..#.#
#.####.# #......#
########


You could see 2 endoplasms.


Message History

Options error: Missing colour in message_colour setting: 'burn!\"' Options error: Missing colour in message_colour setting: 'mortal\.\"' Options error: Missing colour in message_colour setting: 'my child!\"' Options error: Missing colour in message_colour setting: 'this looks better\.\"' Options error: Missing colour in message_colour setting: 'my child!\"' Options error: Missing colour in message_colour setting: 'my (child|children)!\"' Options error: Missing colour in message_colour setting: 'stopping explore' ✅ Successfully initialized magus_sobieck.rc [v0.0.6] Welcome, Sobieck the Gargoyle Earth Elementalist.
Will you be the one to retrieve the fabulous Orb of Zot from the depths?
Press ? for a list of commands and other information.
Found a staircase leading out of the dungeon.
You open the door.
There is an open door here.
c - a scroll labelled VIAROI PICWEPI Unknown command.
You open the door.
Found a stone staircase leading down.
There is an open door here.
Unknown command.
d - a +0 robe An endoplasm, a giant cockroach and a kobold come into view.
The kobold shouts!
A ball python comes into view.
An endoplasm comes into view.
You see here a scroll labelled ODAURUMUFA.
Danger!
The endoplasm quivers.
The blast of sand misses the giant cockroach.
The blast of sand hits the kobold!
You kill the kobold!
The ball python hisses angrily.
The giant cockroach bites you but does no damage.
The giant cockroach attacks as you move away!
The giant cockroach barely misses you.
The giant cockroach bites you but does no damage.
The giant cockroach attacks as you move away!
The giant cockroach barely misses you.
The ball python bites you but does no damage.
The ball python barely misses you.
The ball python attacks as you move away!
The ball python barely misses you. The ball python closely misses you.
The ball python grabs you. The ball python constricts you.
You escape the ball python's grasp.
Unknown command.
The blast of sand hits the giant cockroach but does no damage.
The giant cockroach misses you.
The giant cockroach bites you but does no damage.
The blast of sand hits the giant cockroach.
The giant cockroach bites you but does no damage.
The giant cockroach barely misses you.
You are out of magic!
Unknown command.
You are out of magic!
You barely miss the giant cockroach.
The giant cockroach bites you but does no damage.
You closely miss the giant cockroach. The giant cockroach barely misses you.
You hit the giant cockroach.
You kill the giant cockroach!
Unknown command.
Casting: Sandblast (safe; 4% risk of failure)
Confirm with . or Enter, or press ? or * to list all spells.
Aiming: Sandblast (safe; 4% risk of failure)
Press: ? - help, Shift-Dir - straight line, f - ball python
Aim: a ball python (80% to hit)
The blast of sand hits the ball python!
You kill the ball python!
The endoplasm hits you.
Unknown command.
Unknown command.
You hit the endoplasm. The endoplasm freezes you.
You are frozen.
* * * LOW HITPOINT WARNING * * *
You hit the endoplasm. The endoplasm freezes you.
You are frozen.
* * * LOW HITPOINT WARNING * * *
You hit the endoplasm but do no damage. The endoplasm freezes you.
You are frozen.
* * * LOW HITPOINT WARNING * * *
Unknown command.
Unknown command.
The endoplasm attacks as you move away! The endoplasm closely misses you.
Unknown command.
There is an open door here.
Unknown command.
Casting: Sandblast (safe; 4% risk of failure)
Confirm with . or Enter, or press ? or * to list all spells.
Aiming: Sandblast (safe; 4% risk of failure)
Press: ? - help, Shift-Dir - straight line, f - endoplasm
Aim: an endoplasm (heavily wounded, 98% to hit)
The blast of sand hits the endoplasm.
The endoplasm freezes you.
You are frozen.
* * * LOW HITPOINT WARNING * * *
Unknown command.
The endoplasm attacks as you move away! The endoplasm hits you.
You die...

Action                     || total
---------------------------++-------
  Melee: Unarmed           ||     6
   Cast: Sandblast         ||     5
 Armour: Robe              ||     6
  Dodge: Dodged            ||     9

Levels and vault maps discovered:
D:1:      ncdulo_smallfort, layout_rooms

Notes
Turn   | Place    | Note
-------+----------+-------------------------------------------
     0 | D:1      | Sobieck the Gargoyle Earth Elementalist began the quest for
                  | the Orb.
     0 | D:1      | Reached XP level 1. HP: 10/10 MP: 3/3
    50 | D:1      | HP: 1/10 [frozen (3)]
    59 | D:1      | HP: 1/10 [frozen (2)]
    60 | D:1      | Slain by an endoplasm

Vanquished Creatures
  A giant cockroach (D:1)
  A kobold (D:1)
  A ball python (D:1)
3 creatures vanquished.

Table legend:
 A = Non-vault XP
 B = Vault XP
 C = Vault XP percentage of total XP
 D = Non-vault monster count
 E = Vault monster count
 F = Vault count percentage of total count
                 A         B        C        D         E       F
            +---------+---------+-------+---------+---------+-------
      Total |       5 |       0 |   0.0 |       3 |       0 |   0.0
            +---------+---------+-------+---------+---------+-------
        D:1 |       5 |       0 |   0.0 |       3 |       0 |   0.0
            +---------+---------+-------+---------+---------+-------

Action                     || total
---------------------------++-------
  Melee: Unarmed           ||     6
   Cast: Sandblast         ||     5
 Armour: Robe              ||     6
  Dodge: Dodged            ||     9

Illustrated notes

Table legend:
 A = Kills in this place as a percentage of kills in the entire game.
 B = Kills by you in this place as a percentage of kills by you in the entire game.
 C = Kills by friends in this place as a percentage of kills by friends in the entire game.
 D = Other kills in this place as a percentage of other kills in the entire game.
 E = Experience gained in this place as a percentage of experience gained in the entire game.
 F = Experience gained in this place divided by the number of levels of this place that you have seen.
                   A       B       C       D       E      F
               +-------+-------+-------+-------+-------+----------------------
         Total | 100.0 | 100.0 |   N/A |   N/A | 100.0 |   5.0
       Dungeon | 100.0 | 100.0 |   N/A |   N/A | 100.0 |   5.0
               +-------+-------+-------+-------+-------+----------------------

Table legend: (Time is in decaauts)
 A = Elapsed time spent in this place.
 B = Non-inter-level travel time spent in this place.
 C = Inter-level travel time spent in this place.
 D = Time resting spent in this place.
 E = Time spent auto-exploring this place.
 F = Levels seen in this place.
 G = Mean time per level.
                   A        B        C        D        E       F      G
               +--------+--------+--------+--------+--------+-----+--------+
         Total |     62 |     62 |      0 |      0 |     30 |   1 |   62.0 |
       Dungeon |     62 |     62 |      0 |      0 |     30 |   1 |   62.0 |
               +--------+--------+--------+--------+--------+-----+--------+

Top non-repeatable levels by time:
     D:1: 62 daAuts
